 Dungeon Crawl Stone Soup version 0.30-a0-553-g7fabdf1491 (webtiles) character file.

Game seed: 2424938477800342870

111 avis the Shooter (level 4, 0/36 HPs)
             Began as a Demigod Hunter on Dec 26, 2022.
             Slain by Grinder (8 damage)
             ... on level 3 of the Dungeon.
             The game lasted 00:11:02 (2113 turns).

avis the Shooter (Demigod Hunter)                   Turns: 2113, Time: 00:11:02

Health: 0/36       AC:  3    Str: 12    XL:     4   Next: 36%
Magic:  6/6        EV: 13    Int: 11    God:
Gold:   174        SH:  0    Dex: 21    Spells: 3/3 levels left

rFire   x . .      SeeInvis .    a - +0 shortbow
rCold   + . .      Faith    .    (shield currently unavailable)
rNeg    . . .      Spirit   .    c - +0 leather armour
rPois   .          Reflect  .    (no helmet)
rElec   .          Harm     .    (no cloak)
rCorr   .          Rampage  .    (no gloves)
Will    .....                    (no boots)
Stlth   ++                       p - amulet of magic regeneration
HPRegen 0.26/turn                s - ring of ice
MPRegen 0.50/turn                (no ring)

@: studying Fire Magic
A: high MP 1, forlorn, divine attributes
a: no special abilities


You were on level 3 of the Dungeon.
You visited 1 branch of the dungeon, and saw 3 of its levels.

You collected 174 gold pieces.

Inventory:

Hand Weapons
 a - a +0 shortbow (weapon)
 b - a +0 dagger
 i - a +0 sling
Missiles
 d - 11 poisoned darts
Armour
 c - a +0 leather armour (worn)
 j - an orb of wrath
Magical Staves
 t - a staff of earth
Jewellery
 p - an amulet of magic regeneration (around neck)
 s - a ring of ice (left hand)
Wands
 n - a wand of iceblast (6)
Scrolls
 f - 3 scrolls of identify {unknown}
 g - 2 scrolls of enchant armour {unknown}
 h - 3 scrolls of teleportation {unknown}
 k - 2 scrolls of immolation
 m - a scroll of noise {unknown}
Potions
 e - a potion of ambrosia {unknown}
 l - a potion of brilliance {unknown}
 o - a potion of magic {unknown}
 q - 2 potions of curing {unknown}
 r - a potion of attraction {unknown}
 u - a potion of flight {unknown}


   Skills:
 - Level 1.7 Fighting
 + Level 4.5 Ranged Weapons
 * Level 3.5 Dodging
 - Level 0.8 Stealth


You had 3 spell levels left.
You didn't know any spells.
Your spell library contained the following spells:

 Spells                   Type           Power      Damage    Failure   Level
 Shock                    Conj/Air       0%         1d3       41%         1


Dungeon Overview and Level Annotations

Branches:
Dungeon (3/15)

Annotations:
D:3 1 runed translucent door, Atlas's ghost, amateur DsFE; Grinder; Terence


Innate Abilities, Weirdness & Mutations

You have an increased reservoir of magic. (+10% MP)
You shall have no god before yourself.
Your divine heritage dramatically boosts your attributes as you level up.


Message History

Aim: Grinder (heavily wounded, strong, 61% to hit)
You shoot an arrow. The arrow hits Grinder.
Grinder is heavily wounded.
Grinder gestures at you.
You suddenly lose the ability to move!
Grinder gestures at you.
You shrug off the repeated paralysis!
Grinder blinks!
You can move again.
Fire: a) +0 shortbow
Press: ? - help, Q - select action, (/) - cycle Shift-Dir - straight line, f/p - Grinder
Aim: Grinder (heavily wounded, strong, 61% to hit)
You shoot an arrow.
The arrow hits Grinder but does no damage.
Grinder is heavily wounded.
Fire: a) +0 shortbow
Press: ? - help, Q - select action, (/) - cycle Shift-Dir - straight line, f/p - Grinder
Aim: Grinder (heavily wounded, strong, 61% to hit)
You shoot an arrow.
The arrow hits Grinder but does no damage.
Grinder is heavily wounded.
Grinder hits you.
You writhe in agony.
Fire: a) +0 shortbow
Press: ? - help, Q - select action, (/) - cycle Shift-Dir - straight line, f/p - Grinder
Aim: Grinder (heavily wounded, strong, 61% to hit)
You shoot an arrow.
The arrow hits Grinder but does no damage.
Grinder is heavily wounded.
Grinder hits you.
* * * LOW HITPOINT WARNING * * *
You writhe in agony.
* * * LOW HITPOINT WARNING * * *
Fire: a) +0 shortbow
Press: ? - help, Q - select action, (/) - cycle Shift-Dir - straight line, f/p - Grinder
Aim: Grinder (heavily wounded, strong, 61% to hit)
You shoot an arrow.
The arrow hits Grinder but does no damage.
Grinder is heavily wounded.
Grinder closely misses you. Grinder hits you!
You die...

...##...###.##.#..#
........#
#.##.#..##
...##...#
#........#
...##...#
####.#..##
........######.#..#
...............#..#
#.###.#.########..#
#.# #.#.# #5## #.#
.#.# #@# #.# #.#
#.# #.# #.# #.# #..
..# ### #.# ... ###


You could see Grinder (strong).

Vanquished Creatures
  An orc wizard (D:3)
  2 adders (D:2)
  A worm (D:2)
  A dart slug (D:1)
  6 orcs
  6 endoplasms
  3 giant cockroaches
  5 goblins
  2 hobgoblins
  2 jackals (D:2)
  A quokka (D:2)
  7 ball pythons
  8 bats
  3 frilled lizards
  2 kobolds
  3 rats
53 creatures vanquished.

Notes
Turn   | Place    | Note
-------+----------+-------------------------------------------
     0 | D:1      | avis the Demigod Hunter began the quest for the Orb.
     0 | D:1      | Reached XP level 1. HP: 17/17 MP: 3/3
   326 | D:1      | Reached XP level 2. HP: 24/24 MP: 4/4
   442 | D:1      | Reached skill level 4 in Ranged Weapons
  1008 | D:2      | Reached XP level 3. HP: 8/29 MP: 5/5
  1314 | D:2      | Got Plato's Volume of Confrontation
  1653 | D:3      | Noticed Grinder
  1902 | D:3      | Reached XP level 4. HP: 36/36 MP: 6/6
  2006 | D:3      | Found a runed translucent door.
  2006 | D:3      | Noticed Atlas's ghost (amateur DsFE)
  2044 | D:3      | Noticed Terence
  2105 | D:3      | Paralysed by Grinder for 5 turns
  2113 | D:3      | Slain by Grinder

Illustrated notes

Levels and vault maps discovered:
D:1:      ebering_trefoil_3fold, layout_loops_corners,
          minmay_misc_feat_diagonals
D:2:      layout_rooms, shapermc_ecumenical_altar_rom_forum,
          minmay_tree_intersection, nicolae_concentric_dashed_squares_wild,
          dk_vineyard_2
D:3:      layout_basic, hellmonk_ghost_happy_afterlife, uniq_sigmund,
          uniq_terence, uniq_grinder

Skill      XL: |  1  2  3 |
---------------+----------+-----
Dodging        | 2 3 |  3.5
Ranged Weapons | 4 |  4.5
Fighting       | |  1.7
Stealth        | |  0.8

Action                   |  1- 3 |  4- 6 || total
-------------------------+-------+-------++-------
 Fire: Shortbow          |   135 |    30 ||   165
Armor: Leather armour    |    17 |       ||    17
Dodge: Dodged            |    42 |    16 ||    58

Table legend: (Time is in decaauts)
 A = Elapsed time spent in this place.
 B = Non-inter-level travel time spent in this place.
 C = Inter-level travel time spent in this place.
 D = Time resting spent in this place.
 E = Time spent auto-exploring this place.
 F = Levels seen in this place.
 G = Mean time per level.
                   A        B        C        D        E       F      G
               +--------+--------+--------+--------+--------+-----+--------+
         Total |   2168 |   1817 |    351 |    185 |   1069 |   3 |  722.7 |
       Dungeon |   2168 |   1817 |    351 |    185 |   1069 |   3 |  722.7 |
               +--------+--------+--------+--------+--------+-----+--------+

Top non-repeatable levels by time:
     D:1: 1232 daAuts
     D:2: 563 daAuts
     D:3: 373 daAuts
